 Dungeon Crawl Stone Soup version 0.22-a0-782-g038298e (webtiles) character file.

16368 opiumtea the Thaumaturge (level 12, -1/68 HPs)
             Began as a Deep Elf Fire Elementalist on July 16, 2018.
             Was an Elder of Vehumet.
             Slain by a salamander
             ... wielding a +2 glaive of protection
              (14 damage)
             ... in a volcano on July 20, 2018.
             The game lasted 01:56:26 (20324 turns).

opiumtea the Thaumaturge (DEFE)                    Turns: 20324, Time: 01:56:26

Health: -1/68      AC:  8    Str:  7    XL:     12   Next: 9%
Magic:  0/27       EV: 15    Int: 26    God:    Vehumet [****..]
Gold:   798        SH:  0    Dex: 11    Spells: 5/30 levels left

rFire    + + .     SeeInvis .   K - staff of conjuration
rCold    + . .     Gourm    .   (no shield)
rNeg     . . .     Faith    .   h - +1 robe of Narcissism {rF+ rC++ Dex-4 Stlth+}
rPois    .         Spirit   .   J - +0 helmet
rElec    .         Reflect  .   u - +0 cloak
rCorr    .         Harm     .   L - +0 pair of gloves
MR       ++...                  C - +1 pair of boots
Stlth    +++++.....             (no amulet)
HPRegen  0.21/turn              G - ring of fire
MPRegen  0.20/turn              I - ring of protection from magic

@: swift, quick
A: strong 1, MP-powered wands
a: Renounce Religion


You were in a volcano.
You worshipped Vehumet.
Vehumet was greatly pleased with you.
You were not hungry.

You visited 3 branches of the dungeon, and saw 13 of its levels.
You also visited: Volcano.

You collected 798 gold pieces.

Inventory:

Hand Weapons
 a - a +1 hunting sling
 b - a +4 quarterstaff of crushing
Missiles
 n - 238 stones (quivered)
 w - 9 javelins
 M - 5 tomahawks
Armour
 h - the +1 robe of Narcissism (worn) {rF+ rC++ Dex-4 Stlth+}
   (You found it on level 4 of the Dungeon)

   It affects your dexterity (-4).
   It protects you from fire.
   It greatly protects you from cold.
   It makes you more stealthy.
 m - a +1 robe
 u - a +0 cloak (worn)
 A - the +4 robe "Calatisch" {rElec rC+ MP+9 Slay-4}
   (You found it on level 7 of the Dungeon)

   It affects your accuracy and damage with ranged weapons and melee attacks
   (-4).
   It protects you from cold.
   It insulates you from electricity.
   It affects your magic capacity (+9).
 C - a +1 pair of boots (worn)
 H - a +0 troll leather armour
 J - a +0 helmet (worn)
 L - a +0 pair of gloves (worn)
Magical Staves
 K - an uncursed staff of conjuration (weapon)
Jewellery
 E - an uncursed amulet of rage
 G - a ring of fire (left hand)
 I - a ring of protection from magic (right hand)
 N - an uncursed ring of protection from fire
Wands
 o - a wand of iceblast (2)
 p - a wand of random effects (29)
 y - a wand of flame (24)
 z - a wand of paralysis (16)
 F - a wand of acid (3)
Scrolls
 g - 2 scrolls of amnesia
 i - 8 scrolls of teleportation
 q - 3 scrolls of magic mapping
 t - 2 scrolls of enchant weapon
 v - a scroll of fog
 D - a scroll of remove curse
 O - a scroll of fear
Potions
 d - 3 potions of flight
 e - 3 potions of lignification
 f - 3 potions of haste
 j - 2 potions of degeneration
 k - a potion of agility
 l - 4 potions of curing
 r - 3 potions of might
 s - 2 potions of magic
 B - a potion of berserk rage {unknown}
Comestibles
 c - 14 rations


   Skills:
 - Level 5.6 Fighting
 - Level 6.8 Staves
 - Level 4.4 Throwing
 - Level 7.1 Dodging
 - Level 8.5 Stealth
 + Level 9.7 Spellcasting
 - Level 8.6 Conjurations
 - Level 6.0 Hexes
 - Level 7.4 Fire Magic
 - Level 6.3 Air Magic


You had 5 spell levels left.
You knew the following spells:

 Your Spells              Type           Power        Failure   Level  Hunger
a - Flame Tongue          Conj/Fire      #####        1%          1    None
b - Throw Flame           Conj/Fire      ######       1%          2    None
c - Conjure Flame         Conj/Fire      #######.     1%          3    None
d - Sticky Flame          Conj/Fire      #######.     1%          4    None
e - Inner Flame           Hex/Fire       ######..     1%          3    None
f - Fireball              Conj/Fire      #######...   1%          5    ####...
g - Lightning Bolt        Conj/Air       ######....   1%          5    ####...
h - Swiftness             Chrm/Air       ####....     1%          2    None

Your spell library contained the following spells:

 Spells                   Type           Power        Failure   Level  Hunger
 Shock                    Conj/Air       ####         1%          1    None
 Airstrike                Air            #####.....   1%          4    None
 Static Discharge         Conj/Air       ######..     1%          3    None


Dungeon Overview and Level Annotations

Branches:
Dungeon (9/15)             Temple (1/1) D:6            Lair (3/6) D:9
  Swamp (0/4) Lair:3        Snake (0/4) Lair:3          Orc (0/2) D:9

Altars:
Ashenzari
Cheibriados
Dithmenos
Elyvilon
Gozag
Hepliaklqana
Makhleb
Nemelex Xobeh
Okawaru
Qazlal
Sif Muna
Trog
Uskayaw
Vehumet
Wu Jian
Xom
Yredelemnul
Zin
The Shining One
Beogh

Shops:
D:4 (

Annotations:
D:3 1 runed door, azzavlup's ghost, amateur DsAK
D:4 Grinder
D:8 exclusions: deep elf mage and oklob plant


Innate Abilities, Weirdness & Mutations

Your muscles are strong. (Str +2)
You expend magic power (3 MP) to strengthen your wands.


Message History

Aiming: Lightning Bolt (safe; 1% risk of failure)
Press: ? - help, Shift-Dir - straight line, f - salamander
Aim: a salamander, wielding a glaive of protection (heavily wounded)
You feel a surge of power!
You hear a mighty clap of thunder!
The bolt of lightning hits the salamander.
The salamander is heavily wounded.
The salamander hits you from afar with a glaive of protection!
* * * LOW HITPOINT WARNING * * *
You are engulfed in flames.
You resist.
* * * LOW HITPOINT WARNING * * *
Okay, then.
Okay, then.
Unknown command.
Okay, then.
Casting: Lightning Bolt (safe; 1% risk of failure)
Confirm with . or Enter, or press ? or * to list all spells.
You feel quick.
The salamander hits you from afar with a glaive of protection!
You die...

≈≈≈≈≈.....≈§§≈≈#
§§§§§8...8§≈≈≈#
§≈≈§≈....§§≈###
##≈≈≈.(.).§§#
#§≈≈8(..8≈##
####....(##
#...N.# #8...8#
#...@.# #.....#
#8...8# #.....#
#.....# #8...8#
#.....# #.....#
#8.∩.8#


You could see a salamander.

Vanquished Creatures
  A hydra (Lair:2)
  Urug (Lair:2)
  A salamander mystic (Volcano)
  Pikel (D:4)
  3 salamanders (Volcano)
  A black mamba (Lair:2)
  2 spiny frogs
  3 trolls
  5 blink frogs (Lair:2)
  A hornet (D:8)
  A hippogriff (Lair:1)
  A vampire (D:8)
  20 yaks
  A wyvern (Lair:2)
  Eustachio (D:6)
  A naga (Lair:3)
  Edmund (D:6)
  16 water moccasins
  Duvessa (D:6)
  4 slaves
  3 orc warriors (D:9)
  4 sky beasts
  An ice beast (D:9)
  4 ogres
  8 wolves
  A centaur (D:7)
  A crocodile (Lair:1)
  Blork the orc (D:5)
  8 bullfrogs
  A big kobold (D:9)
  A wyvern skeleton (D:8)
  2 scorpions
  Dowan (D:6)
  9 wights
  3 electric eels
  2 crimson imps
  A centaur skeleton (D:7)
  A centaur zombie (D:7)
  8 hounds
  4 jellies (D:8)
  Crazy Yiuf (D:5)
  10 orc priests
  6 orc wizards (D:9)
  An iguana (D:9)
  8 worker ants
  A hound zombie (D:5)
  A mummy (D:5)
  A worker ant zombie (D:5)
  3 gnolls (D:6)
  A howler monkey skeleton (D:8)
  28 adders
  9 oozes
  3 adder skeletons
  A worm (D:5)
  4 dart slugs
  3 leopard geckos
  41 orcs
  6 giant cockroaches
  2 gnoll zombies (D:8)
  7 hobgoblins
  10 jackals
  10 kobolds
  6 quokkas
  A ball python skeleton (D:4)
  14 bats
  3 frilled lizards
  9 goblins
  5 rats
325 creatures vanquished.

Vanquished Creatures (others)
  5 dream sheep (Lair:1)
  5 fungi
  2 plants (Lair:2)
  2 withered plants (D:3)
14 creatures vanquished.

Grand Total: 339 creatures vanquished

Notes
Turn   | Place    | Note
-------+----------+-------------------------------------------
     0 | D:1      | opiumtea the Deep Elf Fire Elementalist began the quest for the Orb.
     0 | D:1      | Reached XP level 1. HP: 10/10 MP: 6/6
   162 | D:1      | Reached XP level 2. HP: 7/15 MP: 0/8
   562 | D:1      | Learned a level 2 spell: Throw Flame
   749 | D:1      | Reached XP level 3. HP: 19/19 MP: 6/10
   785 | D:1      | Learned a level 3 spell: Conjure Flame
   865 | D:1      | Reached skill level 4 in Spellcasting
  1746 | D:2      | Reached skill level 5 in Spellcasting
  1746 | D:2      | Reached XP level 4. HP: 24/24 MP: 3/13
  2336 | D:2      | Reached skill level 6 in Spellcasting
  2636 | D:2      | Learned a level 4 spell: Sticky Flame
  2825 | D:3      | Reached XP level 5. HP: 28/28 MP: 12/15
  2832 | D:3      | Learned a level 5 spell: Fireball
  3198 | D:3      | Found a bloodstained altar of Trog.
  3244 | D:3      | Found an opulent altar of Gozag.
  3315 | D:3      | Found a runed door.
  3315 | D:3      | Noticed azzavlup's ghost (amateur DsAK)
  4224 | D:4      | Noticed a slave
  4224 | D:4      | Noticed a slave
  4225 | D:4      | Noticed Pikel
  4225 | D:4      | Noticed a slave
  4225 | D:4      | Noticed a slave
  4293 | D:4      | Found a burning altar of Makhleb.
  4293 | D:4      | Noticed a balrug
  4339 | D:3      | Killed a slave
  4548 | D:4      | Reached XP level 6. HP: 32/32 MP: 10/17
  4835 | D:4      | Reached skill level 5 in Conjurations
  5010 | D:4      | Found Siomudd's Weapon Shoppe.
  5459 | D:4      | Got a faintly humming robe
  5470 | D:4      | Identified the +1 robe of Narcissism {rF+ rC++ Dex-4 Stlth+} (You found it on level 4 of the Dungeon)
  5752 | D:5      | Entered Level 5 of the Dungeon
  5752 | D:5      | Noticed Blork the orc
  5911 | D:5      | Killed Blork the orc
  5911 | D:5      | Reached XP level 7. HP: 16/36 MP: 11/18
  6828 | D:4      | Killed Pikel
  6835 | D:4      | Learned a level 3 spell: Inner Flame
  6923 | D:5      | Noticed Grinder
  7116 | D:5      | Reached XP level 8. HP: 41/41 MP: 9/19
  7378 | D:5      | Found a snail-covered altar of Cheibriados.
  7750 | D:5      | Found a glowing golden altar of the Shining One.
  8574 | D:5      | Reached skill level 1 in Throwing
  8828 | D:5      | Found a runed door.
  8832 | D:5      | Noticed Crazy Yiuf
  8837 | D:5      | Killed Crazy Yiuf
  9066 | D:6      | Noticed Eustachio
  9598 | D:6      | Noticed Duvessa
  9598 | D:6      | Noticed Dowan
  9600 | D:6      | Killed Dowan
  9605 | D:6      | Killed Duvessa
  9858 | D:6      | Found a staircase to the Ecumenical Temple.
  9874 | Temple   | Entered the Ecumenical Temple
  9889 | Temple   | Became a worshipper of Vehumet
 10207 | D:6      | Killed Eustachio
 10631 | D:6      | Noticed Edmund
 10643 | D:6      | Killed Edmund
 10643 | D:6      | Reached skill level 5 in Dodging
 10751 | D:7      | Noticed a green ugly thing
 10950 | D:7      | Noticed a troll
 11092 | D:7      | Killed a troll
 11092 | D:7      | Reached XP level 9. HP: 45/45 MP: 4/20
 11166 | D:7      | Reached skill level 1 in Hexes
 11674 | D:7      | Gained mutation: Your muscles are strong. (Str +2) [potion of mutation]
 11674 | D:7      | Gained mutation: You expend magic power (3 MP) to strengthen your wands. [potion of mutation]
 11868 | D:7      | Got a fine robe
 11879 | D:7      | Identified the +4 robe "Calatisch" {rElec rC+ MP+9 Slay-4} (You found it on level 7 of the Dungeon)
 11996 | D:7      | Reached skill level 5 in Hexes
 12000 | D:7      | Reached * piety under Vehumet
 12000 | D:7      | Offered knowledge of Sandblast by Vehumet.
 12186 | D:7      | Found an iron altar of Okawaru.
 12557 | D:8      | Reached skill level 5 in Fire Magic
 13205 | D:8      | Reached skill level 7 in Spellcasting
 13533 | D:8      | Found a basalt altar of Yredelemnul.
 13571 | D:8      | Noticed a deep elf mage
 13650 | D:8      | Noticed an oklob plant
 13661 | D:8      | Reached ** piety under Vehumet
 13661 | D:8      | Offered knowledge of Throw Frost by Vehumet.
 13879 | D:9      | Found an iron altar of Okawaru.
 13930 | D:9      | Reached XP level 10. HP: 51/51 MP: 22/23
 13935 | D:9      | Reached skill level 1 in Fighting
 13935 | D:9      | Reached skill level 1 in Staves
 14267 | D:9      | Found a roughly hewn altar of Beogh.
 14389 | D:9      | Found a stormy altar of Qazlal.
 14652 | D:9      | Found a staircase to the Orcish Mines.
 14800 | D:9      | Offered knowledge of Ignite Poison by Vehumet.
 14953 | D:9      | Reached skill level 5 in Staves
 15120 | D:9      | Found a staircase to the Lair.
 15168 | D:9      | Reached *** piety under Vehumet
 15945 | D:9      | Reached skill level 5 in Fighting
 16304 | Lair:1   | Entered Level 1 of the Lair of Beasts
 16551 | Lair:1   | Learned a level 5 spell: Lightning Bolt
 16619 | Lair:1   | Upgraded the game from 0.22-a0-757-gdba82d8 to 0.22-a0-782-g038298e
 16695 | Lair:1   | Found a shimmering altar of Xom.
 16779 | Lair:1   | Reached XP level 11. HP: 64/64 MP: 17/24
 17383 | Lair:2   | Reached skill level 1 in Air Magic
 17464 | Lair:2   | Noticed a six-headed hydra
 17476 | Lair:2   | Killed a six-headed hydra
 17563 | Lair:2   | Offered knowledge of Stone Arrow by Vehumet.
 17675 | Lair:2   | Noticed Urug
 17896 | Lair:2   | Reached skill level 5 in Air Magic
 18041 | Lair:1   | Identified a scroll of acquirement
 18580 | Lair:2   | Reached **** piety under Vehumet
 18709 | Lair:2   | Offered knowledge of Irradiate by Vehumet.
 18713 | Lair:2   | Learned a level 2 spell: Swiftness
 18820 | Lair:1   | Reached skill level 5 in Stealth
 19148 | Lair:2   | Killed Urug
 20207 | Lair:3   | Found a staircase to the Snake Pit.
 20215 | Lair:3   | Reached skill level 8 in Spellcasting
 20242 | Lair:3   | Found a dark tunnel.
 20281 | Volcano  | Entered a volcano
 20297 | Volcano  | Noticed a salamander mystic
 20305 | Volcano  | Killed a salamander mystic
 20305 | Volcano  | Reached XP level 12. HP: 51/68 MP: 11/26
 20307 | Volcano  | Reached skill level 9 in Spellcasting
 20324 | Volcano  | Slain by a salamander

Vault maps used:
D:1:      tarquinn_simple_flora_water_b, solitary_fountain,
          minmay_misc_feat_encased
D:3:      old_standard_altar, nicolae_overflow_hidden_temple,
          gammafunk_ghost_grave
D:4:      makhleb_altar_promises_db, serial_shops, nicolae_shop_crystal,
          first_ration, uniq_pikel
D:5:      slow_altar_1, basic_altar, uniq_grinder, uniq_crazy_yiuf_cottage,
          uniq_blork_the_orc
D:6:      minmay_temple_entry_fiery, grunt_decor_arrowhead, uniq_eustachio,
          uniq_edmund, uniq_duvessa
D:7:      kennysheep_mini_moat
D:8:      lemuel_slime, lemuel_zombie_altar_yredelemnul, st_stairs_6
D:9:      nicolae_qazlal_general_emergency, erik_lair_island, david_orc_5,
          grunt_ogre_cave, okawaru_metal_pillars_1_2
Temple:   eino_narrow_crystal_temple
Lair:1:   fungi_pond_lemuel, minivault_11, kb_xom_exploding_sheep,
          grunt_megastairs_5
Lair:2:   lemuel_reptile_caves, infiniplex_staircase_pool_2, uniq_urug
Lair:3:   minmay_swamp_entry_worms, guppyfry_snake_entry_island,
          nicolae_volcano_entry_two_sided, beast_lair_carwin_7
Volcano:  kennysheep_volcano_temple

Skill      XL: |  1  2  3  4  5  6  7  8  9 10 11 12 |
---------------+-------------------------------------+-----
Dodging        | 3 7 |  7.1
Spellcasting   | 5 6 7 8 9 |  9.7
Conjurations   | 2 4 6 8 |  8.6
Fire Magic     | 4 7 |  7.4
Throwing       | 4 |  4.4
Hexes          | 6 |  6.0
Fighting       | 5 |  5.6
Staves         | 6 |  6.8
Air Magic      | 6 |  6.3
Stealth        | 8 |  8.5

Action                   |  1- 3 |  4- 6 |  7- 9 | 10-12 || total
-------------------------+-------+-------+-------+-------++-------
Melee: Unarmed           |     2 |       |       |       ||     2
       Quarterstaff      |       |       |    59 |    10 ||    69
       Staff             |       |       |       |     6 ||     6
 Fire: Hunting sling     |       |       |   117 |       ||   117
Throw: Stone             |       |       |     5 |     7 ||    12
 Cast: Flame Tongue      |    49 |    95 |   140 |   189 ||   473
       Throw Flame       |    23 |    58 |    54 |    82 ||   217
       Conjure Flame     |     2 |    14 |    25 |    20 ||    61
       Sticky Flame      |       |     3 |    13 |    39 ||    55
       Fireball          |       |     2 |    20 |    21 ||    43
       Inner Flame       |       |       |     8 |    15 ||    23
       Lightning Bolt    |       |       |       |    12 ||    12
       Swiftness         |       |       |       |     1 ||     1
  Use: Potion            |     1 |       |     2 |     3 ||     6
       Scroll            |       |    13 |    12 |     6 ||    31
  Eat: Chunk             |     2 |    13 |    13 |    22 ||    50
       Ration            |       |     1 |     5 |     2 ||     8
Armor: Robe              |    11 |     4 |    41 |    25 ||    81
Dodge: Dodged            |    41 |     9 |   178 |    88 ||   316

Table legend:
 A = Spawn XP
 B = Non-spawn XP
 C = Spawn XP percentage of total XP
 D = Spawn monster count
 E = Non-spawn monster count
 F = Spawn count percentage of total count
 G = Total turns spent on level
                    A         B        C        D         E        F      G
               +---------+---------+-------+---------+---------+-------+---------
         Total |       0 |   23384 |   0.0 |       0 |     321 |   0.0 | 20324
               +---------+---------+-------+---------+---------+-------+---------
           D:1 |       0 |      54 |   0.0 |       0 |      24 |   0.0 |  1131
           D:2 |       0 |     114 |   0.0 |       0 |      32 |   0.0 |  1542
           D:3 |       0 |     120 |   0.0 |       0 |      22 |   0.0 |  2664
           D:4 |       0 |     986 |   0.0 |       0 |      17 |   0.0 |  1701
           D:5 |       0 |     536 |   0.0 |       0 |      18 |   0.0 |  2560
           D:6 |       0 |     774 |   0.0 |       0 |      13 |   0.0 |  1923
           D:7 |       0 |    1161 |   0.0 |       0 |      18 |   0.0 |   798
           D:8 |       0 |    1692 |   0.0 |       0 |      30 |   0.0 |  1885
           D:9 |       0 |    5232 |   0.0 |       0 |      82 |   0.0 |  2051
        Lair:1 |       0 |    1670 |   0.0 |       0 |      10 |   0.0 |  1597
        Lair:2 |       0 |    8319 |   0.0 |       0 |      48 |   0.0 |  2247
        Lair:3 |       0 |     433 |   0.0 |       0 |       3 |   0.0 |   133
       Volcano |       0 |    2293 |   0.0 |       0 |       4 |   0.0 |    43
               +---------+---------+-------+---------+---------+-------+---------
